 Dungeon Crawl Stone Soup version 0.28.0-49-g6dfe1f597d (webtiles) character file.

Game seed: 11215583992761549917

742 mortz the Chopper (level 7, -5/60 HPs)
             Began as a Hill Orc Fighter on May 15, 2022.
             Was a Follower of Beogh.
             Killed by nerve-wracking pain
             ... invoked by an orc priest
              (14 damage)
             ... on level 6 of the Dungeon.
             The game lasted 00:13:34 (3451 turns).

mortz the Chopper (Hill Orc Fighter)                Turns: 3451, Time: 00:13:34

Health: -5/60      AC: 16    Str: 21    XL:     7   Next: 76%
Magic:  16/16      EV:  9    Int:  8    God:    Beogh [*.....]
Gold:   190        SH:  4    Dex: 10    Spells: 6/6 levels left

rFire   . . .      SeeInvis .   t - +2 mace (protect) {mace}
rCold   . . .      Faith    .   c - +0 buckler
rNeg    . . .      Spirit   .   b - +0 scale mail
rPois   .          Reflect  .   s - +0 helmet
rElec   .          Harm     .   x - +0 cloak
rCorr   .          Rampage  .   (no gloves)
Will    .....                   (no boots)
Stlth   ..........              w - amulet of regeneration {@e2}
HPRegen 1.00/turn               p - ring of magical power
MPRegen 0.15/turn               (no ring)

@: mighty, under a protective aura
A: no striking features
a: Renounce Religion


You were on level 6 of the Dungeon.
You worshipped Beogh.
Beogh was aware of your devotion.
You visited 1 branch of the dungeon, and saw 5 of its levels.

You collected 190 gold pieces.


   Skills:
 + Level 4.7 Fighting
 + Level 6.0(6.8) Axes
 + Level 3.8(5.0) Maces & Flails
 + Level 1.5 Throwing
 + Level 5.4 Armour
 + Level 1.5 Dodging
 + Level 0.3 Stealth
 + Level 4.0 Shields


You had 6 spell levels left.
You didn't know any spells.
Your spell library was empty.

Inventory:

Hand Weapons
 a - a +0 war axe {axe}
 t - a +2 mace of protection (weapon) {mace}
   (You took it off an orc on level 3 of the Dungeon)
Missiles
 e - 99 stones {throwing}
 n - 2 poisoned darts {throwing}
 o - 8 boomerangs (quivered) {throwing}
Armour
 b - a +0 scale mail (worn)
 c - a +0 buckler (worn)
 s - a +0 helmet (worn)
   (You found it on level 3 of the Dungeon)
 x - a +0 cloak (worn)
   (You found it on level 6 of the Dungeon)
Magical Staves
 f - a staff of conjuration {!a@e2staff}
   (You found it on level 1 of the Dungeon)
Jewellery
 p - a ring of magical power (left hand)
   (You found it on level 2 of the Dungeon)
 w - an amulet of regeneration (around neck) {@e2}
   (You found it on level 6 of the Dungeon)
Scrolls
 g - a scroll of identify {unknown}
 h - a scroll of fear {unknown}
 i - a scroll of blinking {unknown}
 j - a scroll of summoning {unknown}
 k - a scroll of teleportation {unknown}
 l - a scroll of enchant weapon {unknown}
 u - a scroll of torment {unknown}
Potions
 d - a potion of might
 m - a potion of lignification {unknown}
 r - a potion of heal wounds {unknown}
 v - 2 potions of mutation {unknown}

Dungeon Overview and Level Annotations

Branches:
Dungeon (6/15)
 Temple: D:4-7

Altars:

###### ###################.....
########...................####
#..........###############.....
#..#####.#......###########....
##..## #.######..........##..##
##..###.# ##########.......
##..##.## #### ##...###
##.....####@.# ###.#
#......o..o)## #..#
######.###### #### #...##
#.#..# #.##.# #.##o# ..##.#
S...oO


You could see an orc priest and an orc wizard.


Message History

The water moccasin closely misses you. 😮 HP[+1]
You hit the water moccasin. The water moccasin misses you. 😮 HP[+2]
You regained 2 hp, and now have 39/60 hp.
You closely miss the water moccasin. The water moccasin barely misses you.
The water moccasin bites you but does no damage. 😮 HP[+1]
You barely miss the water moccasin. You block the water moccasin's attack.
The orc priest mumbles some strange prayers to Beogh against you.
Beogh smites you!
* * * LOW HITPOINT WARNING * * *
The water moccasin bites you.
* * * LOW HITPOINT WARNING * * *
The orc wizard mumbles some strange words.
The orc wizard flickers and vanishes!
Deactivating autopickup; reactivate with Ctrl-A.
You hear a shout! 😨 HP[-18]
You take 18 damage, and now have 22/60 hp.
MASSIVE DAMAGE!! (PAUSE)
You sock the water moccasin! The water moccasin barely misses you.
The water moccasin closely misses you. 😨 HP[+1]
You completely miss the water moccasin.
The water moccasin bites you but does no damage. 😨 HP[+2]
You regained 2 hp, and now have 25/60 hp.
You thump the water moccasin!
The water moccasin bites you but does no damage.
The water moccasin bites you.
* * * LOW HITPOINT WARNING * * *
You are poisoned.
The water moccasin poisons you! 😨 HP[-3]
You take 3 damage, and now have 22/60 hp.
You miss the water moccasin.
You feel very sick. The water moccasin barely misses you.
The water moccasin bites you but does no damage. 😨 HP[-3]
You take 3 damage, and now have 19/60 hp.
You closely miss the water moccasin.
You feel sick. You block the water moccasin's attack.
The orc priest looks encouraged for a moment. 😨 HP[-1]
You take 1 damage, and now have 18/60 hp.
You hit the water moccasin.
You kill the water moccasin!
Beogh accepts your kill.
You feel sick.
Your Shields skill increases to level 4! 😨 HP[-1]
You take 1 damage, and now have 17/60 hp.
You feel sick.
You feel sick.
You feel sick.
The orc priest invokes the aid of Beogh against you.
Beogh smites you!
* * * LOW HITPOINT WARNING * * *
😱 HP[-15]
You take 15 damage, and now have 2/60 hp.
MASSIVE DAMAGE!! (PAUSE)
You feel better.
Something hits you but does no damage. 😱 HP[+9]
You regained 9 hp, and now have 11/60 hp.
You feel very mighty all of a sudden.
You hear some strange, mumbled words.
A puff of flame appears from out of thin air!
The puff of flame hits you.
* * * LOW HITPOINT WARNING * * *
😱 HP[-3]
You take 3 damage, and now have 8/60 hp.
You barely miss something. You block something's attack. 😱 HP[+2]
You regained 2 hp, and now have 10/60 hp.
You sock something!
Your weapon exudes an aura of protection.
Something hits you but does no damage. 😱 HP[+1]
You miss something.
An orc wizard comes into view. It is wielding a +0 dagger.
Something hits you but does no damage. 😱 HP[+1]
The orc wizard shouts!
You thump something! Beogh accepts your kill.
Reactivating autopickup.
You feel a bit more experienced.
The orc priest calls down the wrath of Beogh upon you.
You struggle to resist.
The orc priest hits you with a +0 flail.
* * * LOW HITPOINT WARNING * * *
😱 HP[-5]
You take 5 damage, and now have 7/60 hp.
You closely miss the orc priest.
The orc priest invokes the aid of Beogh against you.
Pain shoots through your body!
You die...
Beogh appreciates the orc priest's killing of a heretic priest.

Skill      XL: |  1  2  3  4  5  6  7 |
---------------+----------------------+-----
Axes           | 3 4 5 6 |  6.0
Armour         | 4 5 |  5.4
Fighting       | 4 |  4.7
Throwing       | 1 |  1.5
Dodging        | 1 |  1.5
Maces & Flails | 1 3 |  3.8
Shields        | 4 |  4.0
Stealth        | |  0.3

Action                   |  1- 3 |  4- 6 |  7- 9 || total
-------------------------+-------+-------+-------++-------
Melee: War axe           |   113 |    75 |       ||   188
       Mace              |       |    80 |    42 ||   122
Throw: Stone             |     4 |     6 |       ||    10
       Dart              |       |    10 |       ||    10
       Boomerang         |       |    10 |       ||    10
Invok: Convert to Beogh  |       |     1 |       ||     1
  Use: Potion            |       |       |     2 ||     2
Armor: Scale mail        |    57 |    86 |    18 ||   161
Dodge: Dodged            |    51 |    65 |    16 ||   132
Block: Buckler           |    14 |    30 |     8 ||    52

Levels and vault maps discovered:
D:1:      heliophobic_arrival_enchanted_forest, layout_rooms,
          hellmonk_ecumenical_altar_watching_god
D:2:      layout_loops_cross, grunt_ministairs_3
D:3:      layout_basic
D:4:      layout_loops_ring
D:6:      layout_rooms, mainiacjoe_overflow_two_lobes,
          minmay_temple_entry_junction

Notes
Turn   | Place    | Note
-------+----------+-------------------------------------------
     0 | D:1      | mortz the Hill Orc Fighter began the quest for the Orb.
     0 | D:1      | Reached XP level 1. HP: 19/19 MP: 1/1
     0 | D:1      | magus.rc [v1.9.6]
   106 | D:1      | Reached skill level 3 in Axes
   106 | D:1      | Reached XP level 2. HP: 15/27 MP: 2/2
   296 | D:1      | Found a faded altar of an unknown god.
   299 | D:1      | Noticed a golden eye
   479 | D:1      | Reached XP level 3. HP: 33/33 MP: 3/3
   810 | D:1      | Noticed a shining eye
   814 | D:1      | Noticed a shining eye
   819 | D:1      | Noticed a great orb of eyes
  1267 | D:2      | Reached skill level 4 in Axes
  1858 | D:3      | Reached XP level 4. HP: 40/40 MP: 4/4
  2003 | D:3      | Reached skill level 4 in Armour
  2009 | D:3      | Reached skill level 4 in Fighting
  2202 | D:3      | Reached XP level 5. HP: 31/46 MP: 5/5
  2344 | D:3      | Reached skill level 5 in Axes
  2707 | D:4      | Became a worshipper of Beogh the Brigand
  2898 | D:4      | Reached skill level 1 in Throwing
  2898 | D:4      | Reached XP level 6. HP: 50/52 MP: 6/6
  2978 | D:4      | Reached skill level 1 in Dodging
  3096 | D:4      | You fall into a shaft and drop 2 floors!
  3125 | D:6      | Noticed an ice beast
  3186 | D:6      | Reached skill level 6 in Axes
  3186 | D:6      | Reached skill level 1 in Maces & Flails
  3231 | D:6      | Reached XP level 7. HP: 45/60 MP: 7/7
  3244 | D:6      | Reached skill level 2 in Maces & Flails
  3244 | D:6      | Reached skill level 5 in Armour
  3431 | D:6      | Reached skill level 3 in Maces & Flails
  3441 | D:6      | Reached * piety under Beogh
  3442 | D:6      | Reached skill level 4 in Shields
  3444 | D:6      | HP: 2/60 [orc priest/divine providence (15)]
  3450 | D:6      | HP: 7/60 [orc priest/+0 flail (6)]
  3451 | D:6      | Killed from afar by an orc priest

Vanquished Creatures
  A water moccasin (D:6)
  An ice beast (D:6)
  An ogre (D:6)
  2 phantoms
  A bullfrog zombie (D:4)
  A centaur skeleton (D:6)
  An iguana (D:3)
  4 orc wizards
  2 gnolls (D:4)
  2 adders
  An adder zombie (D:3)
  3 dart slugs
  12 orcs
  6 ball pythons
  4 bats
  5 endoplasms (D:1)
  4 giant cockroaches
  7 hobgoblins
  6 jackals
  2 quokkas
  3 frilled lizards
  5 goblins
  4 kobolds
  2 rats
80 creatures vanquished.

Vanquished Creatures (others)
  A gnoll (D:4)
  An adder (D:4)
  A ball python (D:4)
3 creatures vanquished.

Grand Total: 83 creatures vanquished

Table legend:
 A = Non-vault XP
 B = Vault XP
 C = Vault XP percentage of total XP
 D = Non-vault monster count
 E = Vault monster count
 F = Vault count percentage of total count
                 A         B        C        D         E       F
            +---------+---------+-------+---------+---------+-------
      Total |    1057 |       3 |   0.3 |      78 |       2 |   2.5
            +---------+---------+-------+---------+---------+-------
        D:1 |      43 |       0 |   0.0 |      22 |       0 |   0.0
        D:2 |      33 |       3 |   8.3 |      13 |       2 |  13.3
        D:3 |     156 |       0 |   0.0 |      25 |       0 |   0.0
        D:4 |     236 |       0 |   0.0 |      11 |       0 |   0.0
        D:6 |     589 |       0 |   0.0 |       7 |       0 |   0.0
            +---------+---------+-------+---------+---------+-------

Illustrated notes

Table legend:
 A = Kills in this place as a percentage of kills in entire the game.
 B = Kills by you in this place as a percentage of kills by you in the entire game.
 C = Kills by friends in this place as a percentage of kills by friends in the entire game.
 D = Other kills in this place as a percentage of other kills in the entire game.
 E = Experience gained in this place as a percentage of experience gained in the entire game.
 F = Experience gained in this place divided by the number of levels of this place that you have seen.
                   A       B       C       D       E      F
               +-------+-------+-------+-------+-------+----------------------
         Total | 100.0 | 100.0 |   N/A |   N/A | 100.0 | 212.0
       Dungeon | 100.0 | 100.0 |   N/A |   N/A | 100.0 | 212.0
               +-------+-------+-------+-------+-------+----------------------

Table legend: (Time is in decaauts)
 A = Elapsed time spent in this place.
 B = Non-inter-level travel time spent in this place.
 C = Inter-level travel time spent in this place.
 D = Time resting spent in this place.
 E = Time spent auto-exploring this place.
 F = Levels seen in this place.
 G = Mean time per level.
                   A        B        C        D        E       F      G
               +--------+--------+--------+--------+--------+-----+--------+
         Total |   3553 |   3424 |    129 |     56 |   2573 |   5 |  710.6 |
       Dungeon |   3553 |   3424 |    129 |     56 |   2573 |   5 |  710.6 |
               +--------+--------+--------+--------+--------+-----+--------+

Top non-repeatable levels by time:
     D:3: 1084 daAuts
     D:1: 928 daAuts
     D:2: 906 daAuts
     D:6: 372 daAuts
     D:4: 261 daAuts
